 Dungeon Crawl Stone Soup version 0.24.0-13-gcf9b319 (webtiles) character file.

Game seed: 1788417460500563100, levelgen mode: deterministic

154 Fortress the Chucker (level 5, -3/54 HPs)
             Began as an Ogre Hunter on Jan 5, 2020.
             Slain by Grinder (5 damage)
             ... on level 3 of the Dungeon.
             The game lasted 00:11:02 (2164 turns).

Fortress the Chucker (Ogre Hunter)                  Turns: 2164, Time: 00:11:02

Health: -3/54      AC:  3    Str: 17    XL:     5   Next: 36%
Magic:  5/5        EV: 10    Int: 12    God:
Gold:   149        SH:  0    Dex:  9    Spells: 4/4 levels left

rFire    . . .     SeeInvis .   h - +2 whip (venom)
rCold    . . .     Gourm    .   (no shield)
rNeg     . . .     Faith    .   b - +0 robe
rPois    .         Spirit   .   (helmet restricted)
rElec    .         Reflect  .   (no cloak)
rCorr    .         Harm     .   (gloves unavailable)
MR       .....                  (boots unavailable)
Stlth    +.........             (no amulet)
HPRegen  0.18/turn              (no ring)
MPRegen  0.09/turn              (no ring)

@: no status effects
A: large, unfitting armour, tough skin 1
a: no special abilities


You were on level 3 of the Dungeon.
You were not hungry.

You visited 1 branch of the dungeon, and saw 3 of its levels.

You collected 149 gold pieces.

Inventory:

Hand Weapons
 a - a +0 short sword
 h - a +2 whip of venom (weapon)
Missiles
 q - 9 boomerangs (quivered)
Armour
 b - a +0 robe (worn)
Jewellery
 r - an uncursed ring of protection from magic
Scrolls
 i - 4 scrolls of identify {unknown}
 j - a scroll of enchant weapon {unknown}
 l - a scroll of teleportation {unknown}
 n - 2 scrolls of remove curse {unknown}
 s - a scroll of enchant armour {unknown}
Potions
 c - a potion of berserk rage {unknown}
 e - a potion of flight {unknown}
 g - 4 potions of curing {unknown}
 k - 2 potions of lignification {unknown}
 m - a potion of resistance {unknown}
 p - 2 potions of agility {unknown}
 t - a potion of invisibility {unknown}
 u - a potion of ambrosia {unknown}
Comestibles
 f - 7 rations


   Skills:
 + Level 3.8 Fighting
 - Level 1.5 Short Blades
 * Level 0.6 Maces & Flails
 + Level 5.3 Throwing
 - Level 2.3 Dodging
 - Level 0.6 Stealth


You had 4 spell levels left.
You didn't know any spells.
Your spell library was empty.

Dungeon Overview and Level Annotations

Branches:
Dungeon (3/15)

Altars:
Ru

Annotations:
D:3 Grinder


Innate Abilities, Weirdness & Mutations

You are too large for most types of armour.
You have tough skin. (AC +1)


Message History

Throwing (i - inventory. (/) - cycle)
d - a throwing net (quivered)
Press: ? - help, Shift-Dir - straight line, f/p - Grinder
Aim: Grinder (heavily wounded, poisoned)
You throw a throwing net.
The throwing net closely misses Grinder.
You hit Grinder.
Grinder is heavily wounded.
Grinder hits you.
* * * LOW HITPOINT WARNING * * *
You writhe in agony.
* * * LOW HITPOINT WARNING * * *
You hit Grinder but do no damage.
Grinder looks as sick as possible!
Grinder is heavily wounded.
Grinder hits you but does no damage.
You barely miss Grinder.
Grinder is severely wounded.
Grinder hits you.
* * * LOW HITPOINT WARNING * * *
You writhe in agony.
You die...

#....).....#..........
#..##..####.##.######.
#..##..# #.##.#
######..##..####.##.###
...............(......#
#####..###.####.##.#.#
#..# #.####(...#.# #..#
#...(...###.#
#..########@.# #.# #
#.........5..###.# .#
#..########......##.##.#
#..# #............# #..#
#..##.).#.##[## ##.#
#####..##.#รท#...... #.#
##....>........##..
#.###...##..##.#.#.##.##.
#...........)....<.......


You could see Grinder.

Vanquished Creatures
  An orc priest (D:2)
  5 gnolls
  An adder (D:2)
  A worm (D:2)
  2 dart slugs (D:2)
  4 leopard geckos
  2 orcs
  8 goblins
  2 hobgoblins
  9 jackals
  4 kobolds
  A quokka (D:2)
  8 bats
  6 frilled lizards
  3 rats (D:1)
57 creatures vanquished.

Notes
Turn   | Place    | Note
-------+----------+-------------------------------------------
     0 | D:1      | Fortress the Ogre Hunter began the quest for the Orb.
     0 | D:1      | Reached XP level 1. HP: 22/22 MP: 1/1
   325 | D:1      | Reached XP level 2. HP: 28/31 MP: 2/2
   582 | D:1      | Reached XP level 3. HP: 30/37 MP: 3/3
   882 | D:2      | Found a sacrificial altar of Ru.
  1177 | D:2      | Found a faded altar of an unknown god.
  1191 | D:2      | Reached skill level 1 in Short Blades
  1191 | D:2      | Reached XP level 4. HP: 6/45 MP: 4/4
  1425 | D:2      | Reached skill level 5 in Throwing
  1861 | D:2      | Reached XP level 5. HP: 50/53 MP: 5/5
  2147 | D:3      | Noticed Grinder
  2164 | D:3      | HP: 2/54 [Grinder (6)]
  2164 | D:3      | Slain by Grinder

Levels and vault maps discovered:
D:1:      roderic_crop_circles_arrival_small, layout_basic,
          minmay_misc_feat_enclosed
D:2:      layout_loops_ring, marbit_many_paths, serial_rivers,
          chequers_serial_rivers_micro_c, chequers_serial_rivers_room_a,
          chequers_serial_rivers_micro_b, chequers_serial_rivers_marsh,
          chequers_ecumenical_altar_simple_redux
D:3:      layout_loops_ring, regret_index_temple_of_mockery,
          okawaru_altar_gauntlet_db, gammafunk_temple_overflow_claw,
          uniq_grinder

Skill      XL: |  1  2  3  4 |
---------------+-------------+-----
Fighting       | 3 |  3.8
Dodging        | 2 |  2.3
Short Blades   | 1 |  1.5
Throwing       | 5 |  5.3
Maces & Flails | |  0.6
Stealth        | |  0.6

Action                   |  1- 3 |  4- 6 || total
-------------------------+-------+-------++-------
Melee: Short sword       |    85 |    38 ||   123
       Whip              |       |    30 ||    30
Throw: Large rock        |    30 |    18 ||    48
       Throwing net      |     2 |     3 ||     5
  Use: Potion            |       |     2 ||     2
  Eat: Chunk             |       |     4 ||     4
Armor: Robe              |    46 |    12 ||    58
Dodge: Dodged            |    63 |    45 ||   108
